 Dungeon Crawl Stone Soup version 0.29.0-11-gd7f09526c8 (webtiles) character file.

Game seed: 11514342824440141817

109 night the Ruffian (level 4, -3/33 HPs)
             Began as a Demonspawn Warper on Sept 4, 2022.
             Slain by an iguana (11 damage)
             ... on level 4 of the Dungeon.
             The game lasted 00:06:05 (4179 turns).

night the Ruffian (Demonspawn Warper)               Turns: 4179, Time: 00:06:06

Health: -3/33      AC:  6    Str: 13    XL:     4   Next: 60%
Magic:  7/7        EV: 10    Int: 15    God:
Gold:   198        SH:  4    Dex: 12    Spells: 5/7 levels left

rFire   . . .      SeeInvis .     - Unarmed
rCold   . . .      Faith    .   (no shield)
rNeg    . . .      Spirit   .   i - +1 ring mail
rPois   .          Reflect  .   g - +0 hat
rElec   .          Harm     .   (no cloak)
rCorr   .          Rampage  .   (no gloves)
Will    .....                   (no boots)
Stlth   +.........              (no amulet)
HPRegen 0.11/turn               (no ring)
MPRegen 0.20/turn               (no ring)

@: no status effects
A: magic regeneration, condensation shield
a: no special abilities


You were on level 4 of the Dungeon.
You visited 1 branch of the dungeon, and saw 4 of its levels.

You collected 198 gold pieces.

Inventory:

Hand Weapons
 b - a +0 sling of chaos
 s - a +0 hand axe of venom
Missiles
 c - 7 boomerangs of dispersal (quivered)
 f - 40 stones
 m - 4 atropa-tipped darts
 p - 6 poisoned darts
 r - 2 boomerangs
 u - 5 javelins
Armour
 g - a +0 hat (worn)
 h - a +0 leather armour
 i - a +1 ring mail (worn)
Scrolls
 a - 2 scrolls of blinking
 o - a scroll of identify
Potions
 d - a potion of might {unknown}
 e - 3 potions of curing {unknown}
 j - 2 potions of degeneration {unknown}
 k - 2 potions of mutation
 l - 2 potions of attraction {unknown}
 n - a potion of flight {unknown}
 q - a potion of lignification {unknown}
 t - a potion of berserk rage {unknown}


   Skills:
 - Level 2.0 Fighting
 - Level 0.8 Throwing
 - Level 0.8 Armour
 - Level 1.7 Dodging
 * Level 3.7 Unarmed Combat
 - Level 2.0 Spellcasting
 + Level 3.5 Translocations


You had 5 spell levels left.
You knew the following spells:

 Your Spells              Type           Power      Damage    Failure   Level
a - Blink                 Tloc           24%        N/A       17%         2

Your spell library contained the following spells:

 Spells                   Type           Power      Damage    Failure   Level
 Gell's Gravitas          Tloc           12%        N/A       32%         3
 Lesser Beckoning         Tloc           12%        N/A       32%         3
 Teleport Other           Tloc           12%        N/A       32%         3
 Foxfire                  Conj/Fire      4%         2x1d4     43%         1
 Conjure Flame            Conj/Fire      1%         6-21      80%         3
 Inner Flame              Hex/Fire       1%         N/A       80%         3
 Ozocubu's Armour         Ice            1%         N/A       80%         3
 Manifold Assault         Tloc           12%        N/A       97%         5
 Flame Wave               Conj/Fire      1%         2d4       99%         4
 Metabolic Englaciation   Hex/Ice        0%         N/A       100%        5
 Simulacrum               Ice/Necr       0%         N/A       100%        6


Dungeon Overview and Level Annotations

Branches:
Dungeon (4/15)
 Temple: D:4-7

Altars:

Shops:
D:1 !(?

Annotations:
D:4 Blork the orc


Innate Abilities, Weirdness & Mutations

You regenerate magic rapidly.
A meltable shield of frost defends you. (SH +4)


Message History

Your condensation shield dissipates!
* * * LOW HITPOINT WARNING * * *
Blork the orc barely misses you.
You climb upwards.
There is a stone staircase leading down here.
You start resting.
Your icy envelope is restored.
You start resting.
HP restored.
You see here a +0 short sword.
You see here a +0 plate armour.
There is a stone staircase leading down here.
You climb downwards.
Level annotation: Blork the orc
Found 8 gold pieces and a scroll of enchant armour.
There is a stone staircase leading up here.
You shoot a sling bullet.
The sling bullet barely misses the iguana.
You shoot a sling bullet.
The sling bullet barely misses the iguana.
The iguana barely misses you.
You shoot a sling bullet.
The sling bullet hits the iguana but does no damage.
You block the iguana's attack. The iguana barely misses you.
You are now empty-handed.
You hit the iguana. You punch the iguana.
The iguana is moderately wounded.
The iguana bites you!
You closely miss the iguana.
The iguana is moderately wounded.
The iguana bites you.
You hit the iguana.
The iguana is severely wounded.
The iguana bites you!
* * * LOW HITPOINT WARNING * * *
You are too injured to fight recklessly!
You barely miss the iguana.
The iguana is severely wounded.
The iguana bites you!
You die...

##.#.# ..
###.... #...
#...... .#..#
#....$. ....#
#.....#....
##....#..#
#....l...#...
#@.......
###...##. ..#
.# .. .. ?


You could see an iguana.

Vanquished Creatures
  5 adders
  A worm (D:2)
  2 dart slugs
  7 orcs
  2 ball pythons
  4 bats
  5 endoplasms
  4 giant cockroaches
  3 goblins
  4 hobgoblins
  5 kobolds
  A quokka (D:3)
  2 frilled lizards
  2 rats
47 creatures vanquished.

Notes
Turn   | Place    | Note
-------+----------+-------------------------------------------
     0 | D:1      | night the Demonspawn Warper began the quest for the Orb.
     0 | D:1      | Reached XP level 1. HP: 16/16 MP: 3/3
    57 | D:1      | Reached skill level 2 in Unarmed Combat
   351 | D:1      | Found Agimawe's Magic Scroll Shoppe.
   547 | D:1      | Found Uvietirph's Antique Weapon Emporium.
   678 | D:1      | Gained mutation: You regenerate magic rapidly. [demonic
                  | ancestry]
   678 | D:1      | Reached XP level 2. HP: 18/22 MP: 5/5
   688 | D:1      | Learned a level 2 spell: Blink
   936 | D:1      | Found Nemipp's Distillery.
  1224 | D:2      | Reached XP level 3. HP: 25/27 MP: 6/6
  2335 | D:3      | Gained mutation: A meltable shield of frost defends you.
                  | (SH +4) [demonic ancestry]
  2335 | D:3      | Reached XP level 4. HP: 9/33 MP: 7/7
  3582 | D:4      | Noticed Blork the orc
  3594 | D:4      | HP: 1/33 [Blork the orc/puff of frost (8)]
  4179 | D:4      | Slain by an iguana

Illustrated notes

Levels and vault maps discovered:
D:1:      wander_arrival_estate, layout_loops_ring, serial_shops, shop,
          nicolae_square_shop, nicolae_shop_advertising_works
          [nicolae_subvault_shop_adworks]
D:2:      layout_loops_corners, minmay_pentomino_pile
D:3:      layout_basic, st_stairs_3, wad_orctagon
D:4:      layout_cave_pools, uniq_blork_the_orc, uniq_pikel

Skill      XL: |  1  2  3 |
---------------+----------+-----
Unarmed Combat | 2 3 |  3.7
Translocations | 3 |  3.5
Fighting       | |  2.0
Throwing       | |  0.8
Armour         | |  0.8
Dodging        | |  1.7
Spellcasting   | |  2.0

Action                   |  1- 3 |  4- 6 || total
-------------------------+-------+-------++-------
Melee: Unarmed           |   136 |    42 ||   178
       Punch             |     4 |     3 ||     7
 Fire: Sling             |    23 |    56 ||    79
  Use: Scroll            |     5 |       ||     5
 Stab: Sleeping          |     1 |       ||     1
Armor: Leather armour    |     5 |       ||     5
       Ring mail         |    47 |    25 ||    72
Dodge: Dodged            |    65 |    33 ||    98
Block: Other             |       |    14 ||    14
